 Dungeon Crawl Stone Soup version 0.22-a0-587-g7d32d7c (webtiles) character file.

67 EazyBreezy the Skirmisher (level 4, -1/25 HPs)
             Began as a Vine Stalker Abyssal Knight on July 5, 2018.
             Was a Believer of Lugonu.
             Slain by a crocodile (6 damage)
             ... in a sewer.
             The game lasted 00:06:32 (1890 turns).

EazyBreezy the Skirmisher (VSAK)                    Turns: 1890, Time: 00:06:32

Health: -1/25      AC:  4    Str: 14    XL:     4   Next: 18%
Magic:  0/6        EV: 11    Int: 12    God:    Lugonu [**....]
Gold:   167        SH:  0    Dex: 21    Spells: 3/3 levels left

rFire    + . .     SeeInvis .   a - +4 falchion
rCold    . . .     Gourm    .   (no shield)
rNeg     . . .     Faith    .   g - +1 leather armour {rF+}
rPois    .         Spirit   +   (no helmet)
rElec    .         Reflect  .   (no cloak)
rCorr    .         Harm     .   (no gloves)
MR       .....                  (no boots)
Stlth    ++........             (no amulet)
HPRegen  0.48/turn              h - +2 ring of dexterity
MPRegen  0.10/turn              j - +4 ring of dexterity

@: no status effects
A: fangs 2, regeneration 1, magic shield, antimagic bite, no potion heal 3, rot
immunity
a: Depart the Abyss, Bend Space, Renounce Religion


You were in a sewer.
You worshipped Lugonu.
Lugonu was pleased with you.
You were not hungry.

You visited 1 branch of the dungeon, and saw 3 of its levels.
You visited the Abyss 1 time.
You also visited: Sewer.

You collected 167 gold pieces.

Inventory:

Hand Weapons
 a - a +4 falchion (weapon)
Armour
 g - a +1 leather armour of fire resistance (worn)
Jewellery
 h - a +2 ring of dexterity (left hand)
 j - a +4 ring of dexterity (right hand)
Scrolls
 d - 2 scrolls of teleportation
 i - a scroll of remove curse
Potions
 b - a potion of invisibility {unknown}
 e - 2 potions of flight {unknown}
 f - 2 potions of brilliance
Comestibles
 c - 6 rations


   Skills:
 * Level 3.6 Fighting
 * Level 2.2 Long Blades
 * Level 1.9 Armour
 * Level 1.0 Dodging
 * Level 1.4 Stealth
 + Level 1.9 Invocations


You had 3 spell levels left.
You didn't know any spells.
Your spell library was empty.

Dungeon Overview and Level Annotations

Branches:
Dungeon (3/15)

Altars:


Innate Abilities, Weirdness & Mutations

You have extremely sharp teeth.
Your natural rate of healing is unusually fast.
When hurt, damage is shared between your health and your magic reserves.
Your bite disrupts and absorbs the magic of your enemies.
Potions cannot restore your health.
You are immune to rotting.


Message History

You hit the crocodile but do no damage.
You bite the crocodile, but do no damage.
The crocodile is severely wounded.
You hit the crocodile but do no damage.
You bite the crocodile, but do no damage.
The crocodile is severely wounded.
The crocodile bites you.
* * * LOW HITPOINT WARNING * * *
You hit the crocodile.
You bite the crocodile, but do no damage.
The crocodile is severely wounded.
The crocodile bites you.
* * * LOW HITPOINT WARNING * * *
You hit the crocodile.
The crocodile is almost dead.
The crocodile barely misses you.
You hit the crocodile but do no damage. Your bite misses the crocodile.
The crocodile is almost dead.
The crocodile bites you!
You die...

######## #
###.≈....### #
###..≈....≈..### #
###..≈.≈####.....##≈?#
###.≈.≈.### ###@t≈≈≈#
..≈≈≈..## ##.≈..≈.#
###....≈# ....### #
###...≈≈# ..##.)# #
###.≈≈.. ### [# #
##... # ###


You could see a crocodile.

Vanquished Creatures
  A gnoll (D:1)
  5 leopard geckos
  An orc (D:3)
  6 bats
  2 giant cockroaches (D:3)
  4 hobgoblins
  6 jackals
  A quokka (D:2)
  A ball python (D:1)
  A frilled lizard (D:3)
  4 goblins
  9 kobolds
  6 rats
47 creatures vanquished.

Vanquished Creatures (others)
  A plant (D:1)
1 creature vanquished.

Grand Total: 48 creatures vanquished

Notes
Turn   | Place    | Note
-------+----------+-------------------------------------------
     0 | Abyss:1  | EazyBreezy the Vine Stalker Abyssal Knight began the quest for the Orb.
     0 | Abyss:1  | Reached XP level 1. HP: 11/11 MP: 3/3
     7 | Abyss:1  | Found a corrupted altar of Lugonu.
    55 | Abyss:1  | Noticed a large abomination
   103 | Abyss:1  | Noticed a crimson imp
   106 | Abyss:1  | Noticed a ynoxinul
   108 | D:1      | Escaped the Abyss
   302 | D:1      | Reached * piety under Lugonu
   302 | D:1      | Reached XP level 2. HP: 13/16 MP: 4/4
   523 | D:1      | Reached skill level 3 in Fighting
   523 | D:1      | Reached skill level 1 in Dodging
   523 | D:1      | Reached skill level 1 in Stealth
  1295 | D:2      | Reached XP level 3. HP: 15/20 MP: 3/5
  1768 | D:3      | Found a glowing drain.
  1777 | D:3      | Gained mutation: Your natural rate of healing is unusually fast. [Vine Stalker growth]
  1777 | D:3      | Reached XP level 4. HP: 9/24 MP: 2/6
  1827 | Sewer    | Entered a sewer
  1838 | Sewer    | Reached ** piety under Lugonu
  1878 | Sewer    | Noticed a crocodile
  1890 | Sewer    | Slain by a crocodile

Vault maps used:
D:1:      saegor_arrival_miasma, minivault_5, minivault_14,
          serial_bayou_lagoon_a, minmay_misc_feat_columns
D:2:      first_ration
D:3:      marbit_many_paths, portal_sewer_entry_f,
          chequers_ecumenical_altar_simple
Sewer:    sewer_the_crocodile

Skill      XL: |  1  2 |
---------------+-------+-----
Fighting       | 3 |  3.6
Dodging        | 1 |  1.0
Stealth        | 1 |  1.4
Long Blades    | 2 |  2.2
Armour         | |  1.9
Invocations    | |  1.9

Action                   |  1- 3 |  4- 6 || total
-------------------------+-------+-------++-------
Melee: Falchion          |    68 |    23 ||    91
       Bite              |    17 |    10 ||    27
Invok: Depart the Abyss  |     1 |       ||     1
  Use: Scroll            |     8 |       ||     8
 Stab: Sleeping          |     3 |       ||     3
  Eat: Ration            |     1 |       ||     1
Armor: Leather armour    |    33 |     7 ||    40
Dodge: Dodged            |    39 |    18 ||    57
       Rpst.: Falchion   |    11 |     8 ||    19

Table legend:
 A = Spawn XP
 B = Non-spawn XP
 C = Spawn XP percentage of total XP
 D = Spawn monster count
 E = Non-spawn monster count
 F = Spawn count percentage of total count
 G = Total turns spent on level
                    A         B        C        D         E        F      G
               +---------+---------+-------+---------+---------+-------+---------
         Total |       0 |      97 |   0.0 |       0 |      47 |   0.0 |  1890
               +---------+---------+-------+---------+---------+-------+---------
           D:1 |       0 |      31 |   0.0 |       0 |      12 |   0.0 |  1153
           D:2 |       0 |      27 |   0.0 |       0 |      16 |   0.0 |   421
           D:3 |       0 |      31 |   0.0 |       0 |      14 |   0.0 |   145
         Sewer |       0 |       8 |   0.0 |       0 |       5 |   0.0 |    63
               +---------+---------+-------+---------+---------+-------+---------
